 Dungeon Crawl Stone Soup version 0.22.0 (webtiles) character file.

41919 Blackhawk the Severer (level 13, -12/184 HPs)
             Began as a Minotaur Berserker on Nov 2, 2018.
             Was an Elder of Trog.
             Shot with an arrow by Nessos (18 damage)
             ... on level 6 of the Lair of Beasts.
             The game lasted 00:36:14 (22319 turns).

Blackhawk the Severer (Minotaur Berserker)         Turns: 22319, Time: 00:36:14

Health: -12/184    AC: 14    Str: 34    XL:     13   Next: 82%
Magic:  0/4        EV: 15    Int:  4    God:    Trog [****..]
Gold:   1319       SH:  0    Dex: 11    Spells: 12/12 levels left

rFire    + . .     SeeInvis .   o - +2 executioner's axe (antimagic)
rCold    x . .     Gourm    +   (shield currently unavailable)
rNeg     . . .     Faith    .   j - +4 chain mail
rPois    .         Spirit   +   K - +2 hat
rElec    .         Reflect  .   Z - scarf {Spirit}
rCorr    .         Harm     .   x - +2 pair of gloves
MR       .....                  (no boots)
Stlth    ..........             k - amulet of the gourmand
HPRegen  0.40/turn              g - ring of fire
MPRegen  0.09/turn              d - +3 ring of strength

@: berserking, lethally poisoned (-12 -> -15), corroded, very quick
A: retaliatory headbutt, horns 2
a: Berserk, Trog's Hand, Brothers in Arms, Renounce Religion


You were on level 6 of the Lair of Beasts.
You worshipped Trog.
Trog was greatly pleased with you.
You were very full.

You visited 2 branches of the dungeon, and saw 17 of its levels.
You also visited: Volcano.

You collected 1319 gold pieces.

Inventory:

Hand Weapons
 o - a +2 antimagic executioner's axe (weapon)
 Y - a +2 morningstar of draining
Missiles
 q - 172 bolts
 t - a throwing net
 S - 6 poisoned javelins (quivered)
Armour
 j - a +4 chain mail (worn)
 x - a +2 pair of gloves (worn)
 K - a +2 hat (worn)
 P - the +3 scale mail of Indomitability {rC+}
   (You found it on level 1 of the Lair of Beasts)

   It protects you from cold.
 W - a +1 chain mail of fire resistance
 Z - a scarf of spirit shield (worn)
Jewellery
 a - the amulet "Niadgh" {RegenMP Fragile rPois Int+4}
   (You found it on level 7 of the Dungeon)

   [amulet of magic regeneration]

   It increases your magic regeneration.
   It affects your intelligence (+4).
   It protects you from poison.
   It will be destroyed if unequipped.
 d - a +3 ring of strength (right hand)
 g - a ring of fire (left hand)
 k - an amulet of the gourmand (around neck)
 H - an uncursed amulet of faith
Wands
 b - a wand of paralysis (22)
 m - a wand of random effects (39)
 u - a wand of polymorph (8)
 I - a wand of iceblast (8)
 L - a wand of digging (9)
 M - a wand of enslavement (22)
 N - a wand of flame (17)
 X - a wand of acid (10)
Scrolls
 e - 4 scrolls of fog
 l - 3 scrolls of enchant armour
 p - 12 scrolls of teleportation
 r - 9 scrolls of remove curse
 s - 5 scrolls of immolation
 v - 2 scrolls of magic mapping
 w - a scroll of acquirement {unknown}
 y - 3 scrolls of blinking
 A - 3 scrolls of enchant weapon
 G - a scroll of silence
 J - a scroll of holy word
 O - 3 scrolls of fear
 U - a scroll of brand weapon {unknown}
Potions
 f - 4 potions of curing
 h - 2 potions of might
 i - 8 potions of brilliance
 n - 2 potions of agility
 z - 2 potions of haste
 B - a potion of invisibility
 F - 2 potions of lignification {unknown}
 Q - 2 potions of heal wounds {unknown}
 R - 2 potions of resistance {unknown}
 T - a potion of ambrosia {unknown}
Miscellaneous
 V - 2 phantom mirrors
Comestibles
 c - 18 rations
 C - 11 chunks of flesh


   Skills:
 + Level 13.7 Fighting
 * Level 16.1 Axes
 + Level 13.6 Armour
 + Level 12.5 Dodging


You had 12 spell levels left.
You didn't know any spells.
Your spell library was empty.

Dungeon Overview and Level Annotations

Branches:
Dungeon (11/15)            Temple (0/1) D:6            Lair (6/6) D:11
 Shoals (0/4) Lair:2       Spider (0/4) Lair:2        Slime (0/5) Lair:5
    Orc (0/2) D:11

Altars:
Gozag
Kikubaaqudgha
Nemelex Xobeh
Sif Muna
Vehumet
Xom
Jiyva

Annotations:
D:8 4 runed doors
Lair:1 exclusion: 2 oklob plants
Lair:4 exclusion: oklob plant
Lair:5 1 runed door
Lair:6 Nessos


Innate Abilities, Weirdness & Mutations

You reflexively headbutt those who attack you in melee.
You have a pair of horns on your head.


Message History

The arrow burns you.
You are more poisoned.
* * * LOW HITPOINT WARNING * * *
The death yak gores you but does no damage.
You hear a loud, deep croak!
You feel better.
Nessos zaps a wand.
The bolt of acid misses you. The death yak gores you.
* * * LOW HITPOINT WARNING * * *
You fail to use your ability.
Nessos blinks!
Nessos shoots an arrow.
The arrow hits you!
* * * LOW HITPOINT WARNING * * *
The arrow burns you.
You are poisoned.
* * * LOW HITPOINT WARNING * * *
The death yak gores you!
* * * LOW HITPOINT WARNING * * *
A red film seems to cover your vision as you go berserk!
You feel yourself moving faster!
You feel mighty!
You feel a lot less full.
You feel sick.
Nessos shoots an arrow.
The arrow hits you!!
You die...

#.. ### ##. #..# #
#. ###...#.. ##.
#.......# #..
#....... #..
#..... ##.
##Y.###.# #.
#@(...c.# ### ##.
#P†.#...####.###^.
#...#...#.....##..
##..#####.....##..
#....#.#.....##..
#......#.....#...
#.#.........##...
##....#.#..†##...
##.......#......


You could see a death yak and Nessos.

Vanquished Creatures
  3 hydras
  A two-headed ogre (D:9)
  A hell hog (Volcano)
  Sonja (Lair:5)
  A fire crab (Volcano)
  2 unseen horrors
  A lindwurm (Lair:6)
  A manticore (D:11)
  4 elephants
  2 gargoyles
  3 black mambas
  2 torpor snails
  A centaur zombie (D:10)
  6 spiny frogs
  A rime drake (Lair:4)
  6 komodo dragons
  A troll (D:9)
  3 hornets (Lair:4)
  2 polar bears
  19 blink frogs
  A snapping turtle (Lair:2)
  6 hippogriffs
  A redback (Lair:2)
  12 spriggans (Lair:4)
  6 dream sheep (Lair:4)
  Eustachio (D:4)
  A wyvern (Lair:3)
  25 yaks
  A human (D:7)
  8 fire bats (Volcano)
  4 basilisks
  A wraith (D:10)
  2 steam dragons (Volcano)
  3 hogs (D:7)
  Menkaure (D:4)
  11 water moccasins
  2 hell hounds (Volcano)
  3 sky beasts
  6 porcupines
  4 ice beasts
  5 orc warriors
  5 black bears
  A phantom (D:10)
  2 necrophages
  A boggart (Lair:4)
  4 ogres
  10 wolves
  3 centaurs
  4 crocodiles
  3 big kobolds
  A gnoll sergeant (D:7)
  16 bullfrogs
  A wyvern zombie (D:7)
  3 scorpions
  55 killer bees
  8 wights
  2 electric eels
  3 howler monkeys
  6 crimson imps
  7 lava snakes (Volcano)
  A jelly (D:7)
  4 hounds
  4 bullfrog skeletons
  8 orc priests
  6 orc wizards
  Natasha (thrice) (D:2)
  9 worker ants
  6 iguanas
  A hound zombie (D:6)
  A howler monkey zombie (D:7)
  8 gnolls (D:7)
  20 adders
  2 white imps (D:11)
  An ufetubus (D:11)
  An ooze (D:2)
  3 adder skeletons
  An adder zombie (D:7)
  4 worms
  3 leopard geckos
  42 orcs
  A ball python (D:4)
  7 giant cockroaches
  7 goblins
  9 hobgoblins
  13 jackals
  23 kobolds
  5 quokkas
  7 bats
  2 frilled lizards (D:2)
  A jackal skeleton (D:4)
  A quokka skeleton (D:5)
  8 rats
  A bush (Lair:3)
  2 fungi
  A plant (Lair:4)
516 creatures vanquished.

Vanquished Creatures (collateral kills)
  A hydra (Lair:1)
  An elephant (Lair:6)
  2 boggarts (Lair:4)
4 creatures vanquished.

Vanquished Creatures (others)
  13 fungi
  6 plants
19 creatures vanquished.

Grand Total: 539 creatures vanquished

Notes
Turn   | Place    | Note
-------+----------+-------------------------------------------
     0 | D:1      | Blackhawk the Minotaur Berserker began the quest for the Orb.
     0 | D:1      | Reached XP level 1. HP: 19/19 MP: 0/0
   591 | D:1      | Reached XP level 2. HP: 25/27 MP: 1/1
  1103 | D:2      | Reached skill level 4 in Axes
  1103 | D:2      | Reached XP level 3. HP: 33/33 MP: 2/2
  1325 | D:2      | Reached ** piety under Trog
  1622 | D:2      | Noticed Natasha
  1628 | D:2      | Killed Natasha
  1628 | D:2      | Reached XP level 4. HP: 41/41 MP: 3/3
  1939 | D:2      | Noticed Natasha
  1948 | D:2      | Killed Natasha
  1948 | D:2      | Reached XP level 5. HP: 13/47 MP: 4/4
  2038 | D:2      | Noticed Natasha
  2046 | D:2      | Killed Natasha
  2911 | D:3      | Reached skill level 5 in Axes
  3053 | D:3      | Reached skill level 5 in Fighting
  3324 | D:3      | Found an opulent altar of Gozag.
  3344 | D:3      | Found a faded altar of an unknown god.
  3400 | D:3      | Reached *** piety under Trog
  3978 | D:3      | Found a deep blue altar of Sif Muna.
  4050 | D:4      | Reached XP level 6. HP: 43/56 MP: 5/5
  4212 | D:4      | Noticed Menkaure
  4218 | D:4      | Killed Menkaure
  4362 | D:4      | Reached skill level 5 in Armour
  4370 | D:4      | Reached XP level 7. HP: 62/62 MP: 6/6
  4649 | D:4      | Noticed Eustachio
  4680 | D:4      | Killed Eustachio
  4680 | D:4      | Reached skill level 6 in Axes
  4902 | D:4      | Reached skill level 5 in Dodging
  5333 | D:5      | Entered Level 5 of the Dungeon
  5955 | D:5      | Found a radiant altar of Vehumet.
  6117 | D:5      | Reached **** piety under Trog
  6439 | D:6      | Reached XP level 8. HP: 71/71 MP: 7/7
  6559 | D:6      | Found a staircase to the Ecumenical Temple.
  6771 | D:6      | Reached skill level 7 in Axes
  6855 | D:6      | Found a shimmering altar of Xom.
  7332 | D:7      | Reached XP level 9. HP: 81/81 MP: 8/8
  7335 | D:7      | Reached skill level 8 in Axes
  7468 | D:7      | Killed an unseen horror
  7592 | D:7      | Got a flickering emerald amulet
  7606 | D:7      | Reached ***** piety under Trog
  7935 | D:7      | Found a sparkling altar of Nemelex Xobeh.
  7998 | D:7      | Reached skill level 9 in Axes
  8552 | D:8      | Reached XP level 10. HP: 91/91 MP: 9/9
  8553 | D:8      | Found a huge runed gate.
  8554 | D:8      | Found a huge runed gate.
  8654 | D:8      | Found a huge runed gate.
  8655 | D:8      | Found a huge runed gate.
  8799 | D:8      | Found an ancient bone altar of Kikubaaqudgha.
  8821 | D:8      | Identified the amulet "Niadgh" {RegenMP Fragile rPois Int+4} (You found it on level 7 of the Dungeon)
  9744 | D:9      | Noticed a two-headed ogre
  9753 | D:9      | Killed a two-headed ogre
  9753 | D:9      | Reached skill level 10 in Fighting
  9753 | D:9      | Reached skill level 10 in Axes
  9916 | D:10     | Entered Level 10 of the Dungeon
  9917 | D:10     | Noticed a gargoyle
  9930 | D:10     | Killed a gargoyle
  9930 | D:10     | Reached skill level 10 in Armour
 10339 | D:10     | Reached ****** piety under Trog
 10435 | D:10     | Received a gift from Trog
 10526 | D:10     | Killed an unseen horror
 10526 | D:10     | Reached XP level 11. HP: 79/101 MP: 3/10
 10860 | D:11     | Reached skill level 11 in Axes
 11546 | D:11     | Reached skill level 10 in Dodging
 11823 | D:11     | Found a staircase to the Lair.
 12134 | D:11     | Found a staircase to the Orcish Mines.
 12601 | Lair:1   | Entered Level 1 of the Lair of Beasts
 12760 | Lair:1   | Reached skill level 12 in Axes
 13512 | Lair:1   | Got a jewelled scale mail
 13608 | Lair:1   | Noticed a four-headed hydra
 13611 | Lair:1   | Noticed a six-headed hydra
 13613 | Lair:1   | Killed a five-headed hydra
 13626 | Lair:1   | Killed an eight-headed hydra
 14003 | Lair:1   | Received a gift from Trog
 14226 | Lair:1   | Noticed an oklob plant
 14226 | Lair:1   | Noticed an oklob plant
 14282 | Lair:1   | Reached XP level 12. HP: 112/112 MP: 3/11
 15042 | Lair:2   | Found a staircase to the Shoals.
 15050 | Lair:2   | Reached skill level 13 in Axes
 15264 | Lair:2   | Found a hole to the Spider Nest.
 15419 | Lair:2   | Found a dark tunnel.
 15428 | Volcano  | Entered a volcano
 15805 | Volcano  | Noticed a hell hog
 15816 | Volcano  | Killed a hell hog
 15977 | Volcano  | Found a bloodstained altar of Trog.
 16162 | Volcano  | Identified the +3 scale mail of Indomitability {rC+} (You found it on level 1 of the Lair of Beasts)
 16518 | Lair:3   | Reached skill level 14 in Axes
 16950 | Lair:3   | Noticed a four-headed hydra
 16958 | Lair:3   | Killed a four-headed hydra
 16958 | Lair:3   | Received a gift from Trog
 18023 | Lair:4   | Reached XP level 13. HP: 97/119 MP: 4/12
 18822 | Lair:4   | Reached skill level 15 in Axes
 19440 | Lair:4   | Received a gift from Trog
 20735 | Lair:5   | Found a runed door.
 20735 | Lair:5   | Found a viscous altar of Jiyva.
 20735 | Lair:5   | Noticed an acid blob
 20765 | Lair:5   | Noticed Sonja
 21115 | Lair:5   | Killed Sonja
 21389 | Lair:5   | Found a staircase to the Slime Pits.
 21389 | Lair:5   | Noticed an acid blob
 21389 | Lair:5   | Noticed an acid blob
 21392 | Lair:5   | Noticed an acid blob
 21936 | Lair:6   | Entered Level 6 of the Lair of Beasts
 22206 | Lair:6   | Reached skill level 16 in Axes
 22308 | Lair:6   | Noticed Nessos
 22318 | Lair:6   | HP: 4/123 [death yak (12)]
 22319 | Lair:6   | Shot with an arrow by Nessos

Skill      XL: |  1  2  3  4  5  6  7  8  9 10 11 12 13 |
---------------+----------------------------------------+-----
Fighting       | 4 5 6 7 9 10 11 12 13 | 13.7
Axes           | 4 5 6 7 9 10 12 14 16 | 16.1
Armour         | 3 4 5 6 7 9 10 11 12 13 | 13.6
Dodging        | 3 4 5 6 8 9 10 11 12 | 12.5

Action                   |  1- 3 |  4- 6 |  7- 9 | 10-12 | 13-15 || total
-------------------------+-------+-------+-------+-------+-------++-------
Melee: Hand axe          |    69 |   138 |   255 |   180 |       ||   642
       Headbutt          |     6 |    23 |    54 |   122 |    66 ||   271
       Executioner's axe |       |       |       |   443 |   265 ||   708
       Morningstar       |       |       |       |     4 |    19 ||    23
Throw: Javelin           |       |       |       |       |     1 ||     1
Invok: Berserk           |     2 |     4 |     8 |    16 |     3 ||    33
       Brothers in Arms  |       |       |       |     1 |     3 ||     4
       Trog's Hand       |       |       |       |       |     2 ||     2
  Use: Scroll            |       |       |    16 |    10 |       ||    26
       Potion            |       |       |       |       |     4 ||     4
 Stab: Sleeping          |     2 |       |       |       |       ||     2
  Eat: Chunk             |     3 |    15 |    24 |    45 |    18 ||   105
       Ration            |       |     1 |       |       |       ||     1
Armor: Animal skin       |    14 |    15 |       |       |       ||    29
       Chain mail        |       |    14 |   169 |   489 |   192 ||   864
       Scale mail        |       |       |       |    35 |       ||    35
Dodge: Dodged            |    53 |    78 |   160 |   665 |   275 ||  1231
